 Dungeon Crawl Stone Soup version 0.25.1-2-g60ff931df9 (webtiles) character file.

Game seed: 5588953476325825808

1081 Divind the Shield-Bearer (level 8, 0/54 HPs)
             Began as a Formicid Fighter on Nov 7, 2020.
             Slain by an orc warrior
             ... wielding a +0 glaive
              (8 damage)
             ... on level 6 of the Dungeon.
             The game lasted 00:16:57 (5640 turns).

Divind the Shield-Bearer (Formicid Fighter)         Turns: 5640, Time: 00:16:57

Health: 0/54       AC: 13    Str: 23    XL:     8   Next: 55%
Magic:  8/8        EV:  6    Int:  8    God:
Gold:   83         SH: 10    Dex: 10    Spells: 7/7 levels left

rFire    . . .     SeeInvis +   a - +1 long sword
rCold    . . .     Gourm    .   c - +0 kite shield
rNeg     . . .     Faith    .   s - +1 plate armour
rPois    .         Spirit   .   (helmet unavailable)
rElec    .         Reflect  .   v - scarf {+Inv}
rCorr    .         Harm     .   (no gloves)
MR       .....                  (no boots)
Stlth    ..........             u - amulet of magic regeneration
HPRegen  0.18/turn              (no ring)
MPRegen  0.36/turn              (no ring)

@: no status effects
A: permanent stasis, dig shafts and tunnels, four strong arms, antennae 3, frail
1, mutation resistance 1, wild magic 1
a: Dig, Shaft Self, Evoke Invisibility


You were on level 6 of the Dungeon.
You were not hungry.

You visited 1 branch of the dungeon, and saw 6 of its levels.

You collected 251 gold pieces.
You spent 168 gold pieces at shops.

Inventory:

Hand Weapons
 a - a +1 long sword (weapon)
Armour
 b - a +0 scale mail
 c - a +0 kite shield (worn)
 k - a +0 helmet
 p - a +0 cloak
 s - a +1 plate armour (worn)
 v - a scarf of invisibility (worn)
Jewellery
 o - an uncursed amulet of inaccuracy
 r - an uncursed amulet of the acrobat
 u - an amulet of magic regeneration (around neck)
Wands
 e - a wand of iceblast (13)
Scrolls
 d - 2 scrolls of noise
 g - 3 scrolls of identify
 h - 2 scrolls of remove curse
 l - 2 scrolls of enchant weapon
 n - a scroll of magic mapping
 q - a scroll of brand weapon {unknown}
 t - a scroll of fog {unknown}
Potions
 j - 2 potions of flight
 m - a potion of invisibility
Comestibles
 f - 12 rations
 w - 2 chunks of flesh


   Skills:
 + Level 4.4 Fighting
 + Level 6.0 Long Blades
 + Level 6.0 Armour
 + Level 1.6 Dodging
 + Level 6.8 Shields


You had 7 spell levels left.
You didn't know any spells.
Your spell library contained the following spells:

 Spells                   Type           Power        Failure   Level  Hunger
 Animate Skeleton         Necr           N/A          100%        1    ##.....
 Apportation              Tloc           #.....       100%        1    ##.....
 Corona                   Hex            #......      100%        1    ##.....
 Infusion                 Chrm           #...         100%        1    ##.....
 Summon Small Mammal      Summ           #...         100%        1    ##.....
 Shroud of Golubria       Chrm/Tloc      #.....       100%        2    ###....
 Song of Slaying          Chrm           #.......     100%        2    ###....
 Ozocubu's Armour         Chrm/Ice       #.......     100%        3    ####...
 Spectral Weapon          Hex/Chrm       #.......     100%        3    ####...


Dungeon Overview and Level Annotations

Branches:
Dungeon (6/15)             Temple (0/1) D:4

Altars:
Fedhas
Hepliaklqana
Qazlal
Ru
Trog
Xom

Shops:
D:6 [*(


Innate Abilities, Weirdness & Mutations

You cannot be hasted, slowed, berserked, paralysed or teleported.
You can dig through walls and to a lower floor.
Your four strong arms can wield two-handed weapons with a shield.
You have a pair of large antennae on your head. (SInv)
You are frail. (-10% HP)
You are somewhat resistant to further mutation.
Your spells are a little harder to cast, but a little more powerful.


Message History

The orc warrior is lightly wounded.
Your plate armour prevents you from hitting the orc warrior.
The orc warrior is lightly wounded.
The orc warrior hits you with a +0 glaive.
You hit the orc warrior but do no damage.
The orc warrior is lightly wounded.
The orc warrior hits you with a +0 glaive!
* * * LOW HITPOINT WARNING * * *
You barely miss the orc warrior.
The orc warrior is lightly wounded.
You block the orc warrior's attack.
You closely miss the orc warrior.
The orc warrior is lightly wounded.
The orc warrior hits you with a +0 glaive.
* * * LOW HITPOINT WARNING * * *
It was a potion of mutation.
You feel extremely strange.
You feel frail.
You feel genetically stable.
You feel less in control of your magic.
The orc warrior hits you with a +0 glaive!
You die...

#..####.######.##
#
#...............##
#
#...###.####.....#
# #...# #.#
##...## #...###(#
#..##### #.......#
#....... ###.#####
##.##### #.# #+#
#@# #o# #..# #...#
...... #...##.
#..## # #.## #.#


You could see an orc warrior.

Vanquished Creatures
  Sigmund (D:3)
  A bullfrog (D:6)
  A wyvern skeleton (D:5)
  3 wights (D:6)
  A howler monkey (D:4)
  2 crimson imps (D:5)
  A quasit (D:6)
  2 hounds
  An orc priest (D:6)
  2 iguanas (D:5)
  3 orc wizards
  3 worker ants
  A hound zombie (D:6)
  4 gnolls (D:5)
  8 adders
  A shadow imp (D:6)
  An ooze (D:2)
  5 worms
  2 dart slugs
  A leopard gecko (D:3)
  11 orcs
  6 bats
  5 giant cockroaches
  6 goblins
  4 hobgoblins
  14 jackals
  2 quokkas
  2 ball pythons (D:1)
  5 frilled lizards
  A jackal skeleton (D:5)
  5 kobolds
  A leopard gecko skeleton (D:5)
  8 rats
114 creatures vanquished.

Notes
Turn   | Place    | Note
-------+----------+-------------------------------------------
     0 | D:1      | Divind the Formicid Fighter began the quest for the Orb.
     0 | D:1      | Reached XP level 1. HP: 18/18 MP: 1/1
   194 | D:1      | Reached XP level 2. HP: 24/24 MP: 2/2
   639 | D:2      | Reached XP level 3. HP: 14/29 MP: 3/3
   982 | D:2      | Reached XP level 4. HP: 33/37 MP: 4/4
  1802 | D:3      | Reached XP level 5. HP: 33/42 MP: 5/5
  2119 | D:3      | Noticed Sigmund
  2138 | D:3      | Killed Sigmund
  2138 | D:3      | Reached skill level 1 in Dodging
  2138 | D:3      | Reached skill level 5 in Shields
  2138 | D:3      | Reached XP level 6. HP: 32/48 MP: 6/6
  2876 | D:4      | Found a staircase to the Ecumenical Temple.
  3038 | D:4      | Reached XP level 7. HP: 44/53 MP: 7/7
  3178 | D:4      | Noticed a moth of wrath
  3181 | D:4      | Found a bloodstained altar of Trog.
  3491 | D:5      | Entered Level 5 of the Dungeon
  3492 | D:5      | Found a blossoming altar of Fedhas.
  3635 | D:5      | Reached skill level 5 in Armour
  4378 | D:5      | Found a sacrificial altar of Ru.
  4390 | D:5      | Found a hazy altar of Hepliaklqana.
  4596 | D:5      | Reached skill level 5 in Long Blades
  4698 | D:6      | Found a stormy altar of Qazlal.
  4777 | D:6      | Reached XP level 8. HP: 60/60 MP: 8/8
  4965 | D:6      | Found Foimeat's General Store.
  5012 | D:6      | Found Wiukh's Weapon Shoppe.
  5012 | D:6      | Found a shimmering altar of Xom.
  5529 | D:6      | Found Iwubuewn's Armour Shop.
  5541 | D:6      | Bought a scarf of invisibility for 168 gold pieces
  5640 | D:6      | Gained mutation: You are frail. (-10% HP) [potion of
                  | mutation]
  5640 | D:6      | Gained mutation: You are somewhat resistant to further
                  | mutation. [potion of mutation]
  5640 | D:6      | Gained mutation: Your spells are a little harder to cast,
                  | but a little more powerful. [potion of mutation]
  5640 | D:6      | Slain by an orc warrior

Illustrated notes

Levels and vault maps discovered:
D:1:      zelgadis_glass_arrival_small, layout_rooms
D:2:      layout_basic
D:3:      layout_loops_cross, uniq_sigmund
D:4:      layout_rooms, minmay_temple_entry_junction, first_ration, tgw_trog
D:5:      minmay_spotlight, layout_loops_cross, grunt_temple_overflow_open,
          minmay_misc_feat_plants, fedhas_ov_isle_minmay
D:6:      layout_loops_corners, nicolae_qazlal_general_emergency, serial_shops,
          shop, shop, nicolae_shop_behind_doors, kennysheep_mini_moat,
          lemuel_altar_in_water

Skill      XL: |  1  2  3  4  5  6  7  8 |
---------------+-------------------------+-----
Shields        | 4 5 6 |  6.8
Long Blades    | 3 4 5 6 |  6.0
Armour         | 4 5 6 |  6.0
Dodging        | 1 |  1.6
Fighting       | 4 |  4.4

Action                   |  1- 3 |  4- 6 |  7- 9 || total
-------------------------+-------+-------+-------++-------
Melee: Long sword        |    73 |   194 |   251 ||   518
Evoke: Wand              |       |     1 |       ||     1
  Use: Potion            |       |     3 |     5 ||     8
       Scroll            |       |     1 |     8 ||     9
  Eat: Chunk             |       |     7 |     8 ||    15
       Ration            |       |       |     1 ||     1
Armor: Scale mail        |    24 |    76 |       ||   100
       Plate armour      |       |       |   137 ||   137
Dodge: Dodged            |    17 |    72 |    58 ||   147
Block: Kite shield       |    34 |   134 |   149 ||   317
       Rpst.: Long sword |     4 |    21 |     9 ||    34
